 Dungeon Crawl Stone Soup version 0.31-a0-700-gf13585253f (webtiles) character file.

Game seed: 449316310504662837

43169 qw the Marksgargoyle (level 14, 0/90 HPs)
             Began as a Gargoyle Hunter on Sept 7, 2023.
             Was an Elder of Okawaru.
             Slain by a dire elephant (3 damage)
             ... on level 5 of the Lair of Beasts.
             The game lasted 00:06:51 (12924 turns).

qw the Marksgargoyle (Gargoyle Hunter)             Turns: 12924, Time: 00:06:51

Health: 0/90       AC: 19    Str: 16    XL:     14   Next: 23%
Magic:  21/21      EV: 24    Int: 10    God:    Okawaru [****..]
Gold:   636        SH:  0    Dex: 27    Spells: 13/13 levels left

rFire   . . .        i - +3 longbow (flame)
rCold   . . .        (shield currently unavailable)
rNeg    + + .        n - +2 leather armour {Will+}
rPois   inf          (no helmet)
rElec   +            t - +0 cloak
rCorr   +            (no gloves)
SInv    .            h - +0 pair of boots of Loh Iku {rN+ rCorr Dex+4}
Will    ++...        j - amulet of regeneration
Stlth   ++++         m - +6 ring of dexterity
HPRegen 1.15/turn    (no ring)
MPRegen 0.17/turn

%: no passive effects
@: heroic, flying
A: sickness immunity, AC +10, big wings, negative energy resistance 1,
electricity resistance, torment resistance 1, petrification resistance
a: Renounce Religion, Heroism, Finesse


You were on level 5 of the Lair of Beasts.
You worshipped Okawaru.
Okawaru was greatly pleased with you.
You visited 3 branches of the dungeon, and saw 16 of its levels.
You also visited: Ossuary.

You collected 741 gold pieces.
You spent 105 gold pieces at shops.


Innate Abilities, Weirdness & Mutations

You are immune to sickness and miasma.
Your stone body is resilient. (AC +10)
You are immune to poison.
Your large and strong wings let you fly.
You resist negative energy. (rN+)
You are resistant to electric shocks. (rElec)
You are resistant to unholy torment.
You are immune to petrification.


   Skills:
 + Level 11.0(16.0) Fighting
 - Level 18.0(23.0) Ranged Weapons
 - Level 4.4(9.4) Armour
 - Level 8.0(13.0) Dodging
 - Level 1.1(6.1) Stealth
 - Level 10.0 Invocations


You had 13 spell levels left.
You didn't know any spells.
Your spell library was empty.

Inventory:

Hand Weapons
 i - a +3 longbow of flaming (weapon)
Armour
 a - the +3 leather armour of Kosyarch {rElec rF++ Dex-3}
   (You found it on level 7 of the Dungeon)

   Dex-3:     It affects your dexterity (-3).
   rF++:      It greatly protects you from fire.
   rElec:     It insulates you from electricity.
 h - the +0 pair of boots of Loh Iku (worn) {rN+ rCorr Dex+4}
   (You acquired it on level 10 of the Dungeon)

   Dex+4:     It affects your dexterity (+4).
   rN+:       It protects you from negative energy.
   rCorr:     It protects you from acid and corrosion.
 k - a +0 troll leather armour
 n - a +2 leather armour of willpower (worn)
 t - a +0 cloak (worn)
Jewellery
 j - an amulet of regeneration (around neck)
 m - a +6 ring of dexterity (left hand)
 r - a ring of resist corrosion
 s - a ring of fire
Scrolls
 c - a scroll of identify
 o - 4 scrolls of teleportation
Potions
 b - 3 potions of mutation
 d - a potion of heal wounds
 e - 4 potions of enlightenment
 f - 5 potions of curing
 g - a potion of haste
 l - a potion of resistance
 p - a potion of might
 q - a potion of cancellation {unknown}

Dungeon Overview and Level Annotations

Branches:
Dungeon (10/15)            Temple (1/1) D:5            Lair (5/5) D:10
 Shoals (0/4) Lair:2        Snake (0/4) Lair:3        Slime (0/5) Lair:5
    Orc (0/2) D:10        Ossuary (visited)

Altars:
Ashenzari
Cheibriados
Dithmenos
Elyvilon
Fedhas
Gozag
Hepliaklqana
Kikubaaqudgha
Makhleb
Nemelex Xobeh
Okawaru
Qazlal
Ru
Sif Muna
Trog
Uskayaw
Vehumet
Wu Jian
Xom
Yredelemnul
Zin
The Shining One

Shops:
D:4 :   D:6 [   D:7 :(


Message History

The arrow hits the dire elephant but does no damage.
The dire elephant is severely wounded.
The dire elephant tramples the withered plant!
The dire elephant trunk-slaps the withered plant!
The dire elephant tramples the withered plant!!
The dire elephant trunk-slaps the withered plant.
The dire elephant completely misses you.
The dire elephant trunk-slaps you!
The dire elephant tramples you but does no damage.
The dire elephant misses you.
12921 |||
Found retreat position at 1,1 (dire elephant; floor) with 0 blocking monsters and 3 monsters attacking at destination at distance 1 You shoot an arrow.
The arrow hits the dire elephant!
The arrow burns the dire elephant.
The dire elephant is almost dead.
The withered plant crumbles away.
The dire elephant's soul is no longer bound.
The necromancer gestures wildly while chanting.
The necromancer binds the souls of nearby monsters.
The dire elephant completely misses you. x2
The dire elephant misses you. The dire elephant closely misses you.
12922 |||
Found retreat position at 1,1 (dire elephant; floor) with 0 blocking monsters and 3 monsters attacking at destination at distance 1 You shoot an arrow.
The arrow hits the dire elephant!!
The arrow burns the dire elephant.
You kill the dire elephant!
Okawaru is honoured by your kill.
A freezing mist starts to gather...
A dire elephant simulacrum comes into view.
Your base Ranged Weapons skill increases to level 18!
12923 |||
Found retreat position at 1,1 (dire elephant; floor) with 0 blocking monsters and 3 monsters attacking at destination at distance 1 You shoot an arrow.
The arrow hits the dire elephant but does no damage.
The dire elephant completely misses you.
The dire elephant trunk-slaps you.
12924 |||
Found retreat position at 1,1 (dire elephant; floor) with 0 blocking monsters and 3 monsters attacking at destination at distance 1 You shoot an arrow.
The arrow hits the dire elephant!!
The arrow burns the dire elephant.
The dire elephant is moderately wounded.
The dire elephant tramples you!!
You hold your ground!
The dire elephant trunk-slaps you.
You die...

##..P##### ...
#...##8..+ #..
##...'..### #.
#....'....# ###
##P..####.# ##..
##P.'..#.##7. #...
#..'Z.#..#7.. ####..
##.#..##.##P.###.....
###@..#.###..#......
#8Y8#...#7........
##p####.##........
##YY.~#..#.......#
#..~~~##.#........
#~~~~~~#.#......P#
#~~~~~P#.#.....###
##~~~P##.#.....##
#''####.#......##


You could see 3 dire elephants, a necromancer and a dire elephant simulacrum.

Vanquished Creatures
  A dire elephant (Lair:5)
  Nessos (Lair:4)
  A hydra (Lair:2)
  Harold (Lair:2)
  2 boulder beetles (Lair:2)
  Urug (Lair:4)
  12 death yaks
  Sonja (Lair:4)
  3 skysharks
  A spectral death yak (Lair:5)
  A spectral anaconda (Lair:5)
  An obsidian statue (Lair:5)
  A harpy (Lair:2)
  A lindwurm (Lair:4)
  A salamander (Lair:3)
  A manticore (Lair:5)
  4 elephants
  2 black mambas (Lair:5)
  12 cane toads
  2 torpor snails (Lair:5)
  A rime drake (Lair:2)
  Maggie (Lair:2)
  7 komodo dragons
  3 trolls
  A hornet (D:9)
  21 blink frogs
  A shadow (D:10)
  A wraith (D:10)
  A dire elephant simulacrum (Lair:5)
  36 yaks
  2 wyverns
  2 steam dragons
  2 basilisks (Lair:4)
  2 vampire mosquitoes (D:9)
  2 nagas (Lair:3)
  8 water moccasins
  3 ice beasts
  4 black bears
  An orc warrior (D:8)
  3 ogres
  4 centaurs
  12 wolves
  2 phantoms
  Blork the orc (D:5)
  A kobold brigand (D:8)
  14 bullfrogs
  4 scorpions
  18 wights
  An elephant simulacrum (Lair:5)
  11 killer bees
  2 electric eels (Lair:1)
  3 hounds
  2 jellies
  5 orc priests
  A sleepcap (D:6)
  3 iguanas
  11 orc wizards
  3 hell rats (Lair:1)
  4 mummies (Ossuary)
  12 adders
  2 river rats (Lair:1)
  2 white imps
  3 dart slugs
  43 orcs
  9 ball pythons
  6 endoplasms
  2 giant cockroaches
  8 goblins
  3 hobgoblins
  2 jackals (D:1)
  4 quokkas
  3 bats
  4 frilled lizards
  A gnoll zombie (Ossuary)
  2 goblin zombies (Ossuary)
  A hobgoblin zombie (Ossuary)
  12 kobolds
  2 kobold zombies (Ossuary)
  2 orc zombies (Ossuary)
  10 rats
387 creatures vanquished.

Notes
Turn   | Place    | Note
-------+----------+-------------------------------------------
     0 | D:1      | qw the Gargoyle Hunter began the quest for the Orb.
     0 | D:1      | Reached XP level 1. HP: 12/12 MP: 1/1
     0 | D:1      | 0 ||| qw: Version: 0.3-a-76-g4403597
     0 | D:1      | 0 ||| qw: Game counter: 544
     0 | D:1      | 0 ||| qw: Melee chars always use a shield: true
     0 | D:1      | 0 ||| qw: God list: Okawaru
     0 | D:1      | 0 ||| qw: Allow faded altars: false
     0 | D:1      | 0 ||| qw: Do Orc after clearing Dungeon:15 true
     0 | D:1      | 0 ||| qw: Do second Lair branch before Depths: true
     0 | D:1      | 0 ||| qw: Lair rune preference: random
     0 | D:1      | 0 ||| qw: Goals: Normal
     0 | D:1      | 0 ||| PLANNING D:1-11
    80 | D:1      | Reached XP level 2. HP: 17/17 MP: 2/2
   450 | D:1      | Reached XP level 3. HP: 21/21 MP: 3/3
   462 | D:1      | 462 ||| UPGRADING to amulet of regeneration.
   467 | D:1      | 467 ||| DROPPING ring of wizardry.
   468 | D:1      | 468 ||| DRINKING 3 red potions.
   469 | D:1      | 469 ||| DRINKING 2 bubbling inky potions.
   470 | D:1      | 470 ||| DROPPING scroll of butterflies.
   560 | D:2      | Reached skill level 5 in Ranged Weapons
   658 | D:2      | Reached skill level 3 in Fighting
   658 | D:2      | Reached XP level 4. HP: 24/28 MP: 4/4
   856 | D:2      | Found a glowing silver altar of Zin.
  1140 | D:2      | 1140 ||| UPGRADING to +0 ring mail.
  1150 | D:2      | 1150 ||| DROPPING +0 leather armour.
  1151 | D:2      | 1151 ||| UPGRADING to +6 ring of dexterity.
  1152 | D:2      | 1152 ||| DRINKING 2 clear potions.
  1153 | D:2      | 1153 ||| DRINKING 2 potions of curing.
  1153 | D:2      | 1153 ||| (to cure confusion)
  1154 | D:2      | 1154 ||| DROPPING potion of ambrosia.
  1289 | D:3      | Reached skill level 1 in Armour
  1321 | D:3      | Noticed a centaur
  1331 | D:3      | Killed a centaur
  1332 | D:3      | Reached skill level 6 in Ranged Weapons
  1332 | D:3      | Reached XP level 5. HP: 13/32 MP: 5/5
  1386 | D:3      | Noticed a black bear
  1387 | D:3      | 1387 ||| SWAPPING to +0 orcbow.
  1392 | D:3      | Killed a black bear
  1393 | D:3      | Reached XP level 6. HP: 39/39 MP: 6/6
  1393 | D:3      | 1393 ||| DROPPING +0 shortbow.
  1955 | D:3      | 1955 ||| READING scroll labelled WAHUGAOPNO.
  1960 | D:3      | 1960 ||| READING scroll labelled UPUNEYJONU.
  1961 | D:3      | 1961 ||| READING scroll labelled RYASACZ NAVOL.
  1962 | D:3      | 1962 ||| DRINKING 2 sedimented dark potions.
  1963 | D:3      | 1963 ||| DROPPING potion of degeneration.
  2040 | D:4      | Found Gukhliur's Book Emporium.
  2183 | D:4      | Reached skill level 7 in Ranged Weapons
  2252 | D:4      | Reached XP level 7. HP: 42/44 MP: 7/7
  2356 | D:4      | Found a hide-covered altar of Uskayaw.
  2664 | D:4      | 2664 ||| READING scroll labelled OJIJATUTIC.
  2665 | D:4      | 2665 ||| READING 2 scrolls labelled JOGOKO YCEPS.
  2666 | D:4      | 2666 ||| READING scroll labelled XUTAWIF OGAKAE.
  2677 | D:5      | Entered Level 5 of the Dungeon
  2743 | D:5      | Found a broken altar of Ashenzari.
  2760 | D:5      | 2760 ||| Stepping ~*~*~tactically~*~*~ (outnumbered).
  2765 | D:5      | Reached skill level 8 in Ranged Weapons
  2801 | D:5      | Found a staircase to the Ecumenical Temple.
  2802 | D:5      | 2802 ||| PLANNING TEMPLE
  2809 | Temple   | Entered the Ecumenical Temple
  2810 | Temple   | 2810 ||| PLANNING D:1-11
  2967 | D:5      | Reached XP level 8. HP: 40/49 MP: 8/8
  3182 | D:5      | Noticed Blork the orc
  3193 | D:5      | Killed Blork the orc
  3383 | D:5      | Reached skill level 9 in Ranged Weapons
  3400 | D:5      | Found a white marble altar of Elyvilon.
  3643 | D:6      | Found an iron altar of Okawaru.
  3645 | D:6      | Found a shadowy altar of Dithmenos.
  3748 | D:6      | Reached skill level 6 in Fighting
  3767 | D:6      | Found Hyovvod's Antique Armour Emporium.
  3775 | D:6      | 3775 ||| BUYING dyed leather armour (105 gold).
  3775 | D:6      | Bought a dyed leather armour for 105 gold pieces
  3775 | D:6      | 3775 ||| SHOPLISTING pair of gloves (94 gold, have 54).
  3775 | D:6      | 3775 ||| SHOPLISTING runed helmet (157 gold, have 54).
  3795 | D:6      | Reached skill level 3 in Dodging
  3890 | D:6      | 3890 ||| FLEEEEING.
  3892 | D:6      | 3892 ||| FLEEEEING.
  3893 | D:6      | 3893 ||| FLEEEEING.
  3894 | D:6      | 3894 ||| FLEEEEING.
  3895 | D:6      | 3895 ||| FLEEEEING.
  3896 | D:6      | 3896 ||| FLEEEEING.
  4010 | D:6      | Found a glowing golden altar of the Shining One.
  4014 | D:6      | Reached XP level 9. HP: 55/55 MP: 9/9
  4047 | D:6      | Found a shimmering blue altar of Sif Muna.
  4061 | D:6      | Reached skill level 10 in Ranged Weapons
  4372 | D:6      | Found a basalt altar of Yredelemnul.
  4374 | D:6      | Noticed a profane servitor
  4624 | D:6      | 4624 ||| UPGRADING to +2 leather armour of willpower.
  4634 | D:6      | 4634 ||| DROPPING +0 ring mail.
  4667 | D:7      | 4667 ||| PLANNING OSSUARY
  4749 | D:7      | Found Vyness's Self-Improvement Boutique.
  4782 | D:7      | Noticed a troll
  4791 | D:7      | Killed a troll
  4877 | D:7      | Found a sand-covered staircase.
  4882 | D:7      | 4882 ||| Stepping ~*~*~tactically~*~*~ (retreating).
  4885 | D:7      | 4885 ||| Stepping ~*~*~tactically~*~*~ (retreating).
  4919 | D:7      | 4919 ||| DRINKING 2 sapphire potions.
  5023 | D:7      | 5023 ||| READING 2 scrolls of identify.
  5023 | D:7      | 5023 ||| IDENTIFYING fuming brown potion
  5024 | D:7      | 5024 ||| DROPPING potion of berserk rage.
  5034 | Ossuary  | Entered an ossuary
  5183 | Ossuary  | 5183 ||| READING scroll labelled PUCUDE CYLICEJ.
  5184 | Ossuary  | 5184 ||| READING scroll labelled BEROAH ATYTHRA.
  5185 | Ossuary  | 5185 ||| DRINKING 2 silvery potions.
  5186 | Ossuary  | 5186 ||| DRINKING 2 fuming white potions.
  5187 | Ossuary  | 5187 ||| DROPPING potion of brilliance.
  5205 | D:7      | 5205 ||| PLANNING D:1-11
  5248 | D:6      | 5248 ||| PLANNING OKAWARU WORSHIP
  5252 | D:6      | Became a worshipper of Warmaster Okawaru
  5253 | D:6      | 5253 ||| PLANNING D:1-11
  5279 | D:7      | Identified the +3 leather armour of Kosyarch {rElec rF++
                  | Dex-3}
  5329 | D:7      | Found Kuusuodi's Weapon Boutique.
  5411 | D:7      | Reached skill level 11 in Ranged Weapons
  5448 | D:7      | 5448 ||| RETREATING.
  5738 | D:7      | 5738 ||| UPGRADING to +0 pair of boots.
  5835 | D:8      | 5835 ||| RETREATING.
  5837 | D:8      | 5837 ||| FLEEEEING.
  5838 | D:8      | 5838 ||| FLEEEEING.
  5839 | D:8      | 5839 ||| FLEEEEING.
  5840 | D:8      | 5840 ||| FLEEEEING.
  5841 | D:8      | 5841 ||| FLEEEEING.
  5898 | D:8      | Reached XP level 10. HP: 64/64 MP: 10/10
  6045 | D:8      | 6045 ||| Stepping ~*~*~tactically~*~*~ (cloud).
  6097 | D:8      | Reached * piety under Okawaru
  6111 | D:8      | 6111 ||| Stepping ~*~*~tactically~*~*~ (retreating).
  6113 | D:8      | 6113 ||| Stepping ~*~*~tactically~*~*~ (retreating).
  6117 | D:8      | Reached skill level 1 in Invocations
  6126 | D:8      | 6126 ||| INVOKING Heroism.
  6144 | D:8      | HP: 14/64 [yak (6)]
  6145 | D:8      | 6145 ||| READING 3 scrolls of teleportation.
  6146 | D:8      | 6146 ||| DRINKING potion of heal wounds.
  6148 | D:8      | 6148 ||| INVOKING Heroism.
  6250 | D:8      | Reached skill level 12 in Ranged Weapons
  6250 | D:8      | 6250 ||| FLEEEEING.
  6253 | D:8      | 6253 ||| FLEEEEING.
  6254 | D:8      | 6254 ||| FLEEEEING.
  6255 | D:8      | 6255 ||| FLEEEEING.
  6256 | D:8      | 6256 ||| FLEEEEING.
  6264 | D:8      | Reached skill level 3 in Invocations
  6488 | D:8      | 6488 ||| READING scroll of enchant armour.
  6488 | D:8      | 6488 ||| ENCHANTING +0 pair of boots.
  6603 | D:8      | 6603 ||| UPGRADING to +0 cloak.
  6608 | D:8      | 6608 ||| UPGRADING to ring of resist corrosion.
  6609 | D:8      | 6609 ||| READING scroll labelled FUPINL MOATO.
  6610 | D:8      | 6610 ||| READING scroll labelled QIWIOCLECE.
  6611 | D:8      | 6611 ||| DRINKING 2 smoky emerald potions.
  6612 | D:8      | 6612 ||| DRINKING 2 ruby potions.
  6613 | D:8      | 6613 ||| DROPPING potion of attraction.
  6668 | D:9      | 6668 ||| STAIRDANCE
  6676 | D:9      | 6676 ||| STAIRDANCE
  6760 | D:9      | 6760 ||| INVOKING Heroism.
  6852 | D:9      | 6852 ||| INVOKING Heroism.
  7036 | D:9      | 7036 ||| SWAPPING to +0 orcbow of freezing.
  7037 | D:9      | 7037 ||| DROPPING +1 orcbow.
  7140 | D:9      | 7140 ||| READING scroll of enchant weapon.
  7140 | D:9      | 7140 ||| ENCHANTING +0 orcbow of freezing.
  7142 | D:9      | Found a blossoming altar of Fedhas.
  7155 | D:9      | 7155 ||| READING scroll of enchant weapon.
  7155 | D:9      | 7155 ||| ENCHANTING +1 orcbow of freezing.
  7360 | D:9      | 7360 ||| RETREATING.
  7362 | D:9      | 7362 ||| Stepping ~*~*~tactically~*~*~ (retreating).
  7374 | D:9      | Reached ** piety under Okawaru
  7655 | D:9      | 7655 ||| READING scroll labelled LUWEUPP ERAD.
  7656 | D:9      | 7656 ||| READING scroll labelled XUUPUEMAUD.
  7690 | D:10     | Entered Level 10 of the Dungeon
  7690 | D:10     | Found a staircase to the Orcish Mines.
  7696 | D:10     | 7696 ||| STAIRDANCE
  7729 | D:10     | 7729 ||| Stepping ~*~*~tactically~*~*~ (outnumbered).
  7731 | D:10     | 7731 ||| Stepping ~*~*~tactically~*~*~ (outnumbered).
  7734 | D:10     | 7734 ||| Stepping ~*~*~tactically~*~*~ (outnumbered).
  7782 | D:10     | 7782 ||| INVOKING Heroism.
  7824 | D:10     | 7824 ||| RETREATING.
  7825 | D:10     | 7825 ||| Stepping ~*~*~tactically~*~*~ (retreating).
  7826 | D:10     | 7826 ||| Stepping ~*~*~tactically~*~*~ (retreating).
  7827 | D:10     | 7827 ||| Stepping ~*~*~tactically~*~*~ (retreating).
  7837 | D:10     | Reached skill level 13 in Ranged Weapons
  7839 | D:10     | Reached XP level 11. HP: 63/69 MP: 14/14
  7851 | D:10     | Reached skill level 9 in Fighting
  7859 | D:10     | Reached skill level 3 in Armour
  7862 | D:10     | Reached *** piety under Okawaru
  7876 | D:10     | 7876 ||| INVOKING Heroism.
  7882 | D:10     | Received a gift from Okawaru
  7924 | D:10     | 7924 ||| Stepping ~*~*~tactically~*~*~ (outnumbered).
  7971 | D:10     | 7971 ||| INVOKING Heroism.
  8025 | D:10     | 8025 ||| Stepping ~*~*~tactically~*~*~ (outnumbered).
  8181 | D:10     | Found a staircase to the Lair.
  8190 | D:10     | 8190 ||| INVOKING Heroism.
  8282 | D:10     | 8282 ||| PLANNING LAIR
  8282 | D:10     | 8282 ||| READING scroll labelled NOZOISKOKLI.
  8282 | D:10     | Identified a scroll of acquirement
  8282 | D:10     | 8282 ||| ACQUIRING +0 pair of boots of Loh Iku {rN+ rCorr
                  | Dex+4}
  8282 | D:10     | Acquired the +0 pair of boots of Loh Iku {rN+ rCorr Dex+4}
  8284 | D:10     | 8284 ||| UPGRADING to +0 pair of boots of Loh Iku {rN+
                  | rCorr Dex+4}.
  8294 | D:10     | 8294 ||| REMOVING ring of resist corrosion.
  8295 | D:10     | 8295 ||| DROPPING +1 pair of boots.
  8300 | Lair:1   | Entered Level 1 of the Lair of Beasts
  8388 | Lair:1   | 8388 ||| INVOKING Heroism.
  8432 | Lair:1   | 8432 ||| INVOKING Heroism.
  8453 | Lair:1   | Reached skill level 6 in Dodging
  8459 | Lair:1   | 8459 ||| INVOKING Heroism.
  8469 | Lair:1   | Reached skill level 14 in Ranged Weapons
  8526 | Lair:1   | 8526 ||| INVOKING Heroism.
  8630 | Lair:1   | 8630 ||| INVOKING Heroism.
  8662 | Lair:1   | Noticed a skyshark
  8673 | Lair:1   | Killed a skyshark
  8673 | Lair:1   | Reached **** piety under Okawaru
  8802 | Lair:1   | Found a snail-covered altar of Cheibriados.
  8957 | Lair:1   | 8957 ||| INVOKING Heroism.
  9126 | Lair:2   | 9126 ||| INVOKING Heroism.
  9134 | Lair:2   | Noticed a boulder beetle
  9135 | Lair:2   | Reached XP level 12. HP: 62/77 MP: 13/15
  9142 | Lair:2   | Killed a boulder beetle
  9172 | Lair:2   | Noticed Maggie
  9178 | Lair:2   | Killed Maggie
  9221 | Lair:2   | Noticed a boulder beetle
  9222 | Lair:2   | 9222 ||| INVOKING Heroism.
  9235 | Lair:2   | Killed a boulder beetle
  9236 | Lair:2   | Reached skill level 15 in Ranged Weapons
  9267 | Lair:2   | 9267 ||| INVOKING Heroism.
  9271 | Lair:2   | 9271 ||| RETREATING.
  9305 | Lair:2   | 9305 ||| RETREATING.
  9311 | Lair:2   | Reached skill level 6 in Invocations
  9431 | Lair:2   | Reached ***** piety under Okawaru
  9547 | Lair:2   | Noticed a six-headed hydra
  9548 | Lair:2   | 9548 ||| INVOKING Heroism.
  9562 | Lair:2   | Killed a six-headed hydra
  9587 | Lair:2   | Noticed Harold
  9588 | Lair:2   | 9588 ||| INVOKING Heroism.
  9600 | Lair:2   | 9600 ||| RETREATING.
  9607 | Lair:2   | 9607 ||| INVOKING Heroism.
  9617 | Lair:2   | Killed Harold
  9823 | Lair:2   | Found a staircase to the Shoals.
  9982 | Lair:2   | 9982 ||| DROPPING amulet of guardian spirit.
 10177 | Lair:3   | 10177 ||| INVOKING Heroism.
 10180 | Lair:3   | 10180 ||| RETREATING.
 10257 | Lair:3   | Noticed a death yak
 10258 | Lair:3   | 10258 ||| INVOKING Heroism.
 10262 | Lair:3   | Noticed a death yak
 10263 | Lair:3   | Noticed a death yak
 10265 | Lair:3   | Killed a death yak
 10279 | Lair:3   | Killed a death yak
 10280 | Lair:3   | 10280 ||| INVOKING Finesse.
 10284 | Lair:3   | Killed a death yak
 10285 | Lair:3   | Reached skill level 9 in Invocations
 10285 | Lair:3   | Reached XP level 13. HP: 69/82 MP: 13/19
 10626 | Lair:3   | Found a staircase to the Snake Pit.
 10733 | Lair:3   | Identified the +9 lajatang "Goblinslayer" {heavy, MP+9}
                  | (Okawaru gifted it to you on level 3 of the Lair of Beasts)
 10733 | Lair:3   | Received a gift from Okawaru
 11017 | Lair:4   | 11017 ||| RETREATING.
 11019 | Lair:4   | 11019 ||| Stepping ~*~*~tactically~*~*~ (retreating).
 11020 | Lair:4   | 11020 ||| Stepping ~*~*~tactically~*~*~ (retreating).
 11021 | Lair:4   | 11021 ||| STAIRDANCE
 11023 | Lair:3   | 11023 ||| INVOKING Heroism.
 11032 | Lair:3   | Reached skill level 16 in Ranged Weapons
 11039 | Lair:4   | 11039 ||| STAIRDANCE
 11041 | Lair:3   | 11041 ||| Stepping ~*~*~tactically~*~*~ (retreating).
 11042 | Lair:3   | 11042 ||| Stepping ~*~*~tactically~*~*~ (retreating).
 11043 | Lair:3   | 11043 ||| Stepping ~*~*~tactically~*~*~ (retreating).
 11044 | Lair:3   | 11044 ||| Stepping ~*~*~tactically~*~*~ (retreating).
 11045 | Lair:3   | 11045 ||| Stepping ~*~*~tactically~*~*~ (retreating).
 11046 | Lair:3   | 11046 ||| Stepping ~*~*~tactically~*~*~ (retreating).
 11078 | Lair:4   | 11078 ||| STAIRDANCE
 11098 | Lair:4   | 11098 ||| STAIRDANCE
 11111 | Lair:4   | 11111 ||| INVOKING Heroism.
 11144 | Lair:4   | Noticed Nessos
 11152 | Lair:4   | 11152 ||| INVOKING Heroism.
 11154 | Lair:4   | Killed Nessos
 11159 | Lair:4   | Noticed Sonja
 11162 | Lair:4   | Killed Sonja
 11201 | Lair:4   | 11201 ||| SWAPPING to +3 longbow of flaming.
 11202 | Lair:4   | 11202 ||| DROPPING +2 orcbow of freezing.
 11332 | Lair:4   | 11332 ||| INVOKING Heroism.
 11374 | Lair:4   | Noticed Urug
 11375 | Lair:4   | 11375 ||| INVOKING Heroism.
 11381 | Lair:4   | Killed Urug
 11689 | Lair:4   | 11689 ||| INVOKING Heroism.
 11690 | Lair:4   | 11690 ||| RETREATING.
 12213 | Lair:4   | 12213 ||| READING 3 scrolls of identify.
 12213 | Lair:4   | 12213 ||| IDENTIFYING inky potion
 12214 | Lair:4   | 12214 ||| READING 2 scrolls of identify.
 12214 | Lair:4   | 12214 ||| IDENTIFYING fuming silvery potion
 12218 | Lair:5   | Entered Level 5 of the Lair of Beasts
 12219 | Lair:5   | 12219 ||| INVOKING Heroism.
 12227 | Lair:5   | 12227 ||| STAIRDANCE
 12235 | Lair:5   | 12235 ||| STAIRDANCE
 12272 | Lair:5   | 12272 ||| INVOKING Heroism.
 12282 | Lair:5   | 12282 ||| Stepping ~*~*~tactically~*~*~ (retreating).
 12285 | Lair:5   | Reached skill level 17 in Ranged Weapons
 12359 | Lair:5   | 12359 ||| INVOKING Heroism.
 12364 | Lair:5   | 12364 ||| INVOKING Finesse.
 12448 | Lair:5   | Gained mutation: Your large and strong wings let you fly.
                  | [Gargoyle growth]
 12448 | Lair:5   | Reached XP level 14. HP: 90/90 MP: 21/21
 12509 | Lair:5   | 12509 ||| FLEEEEING.
 12511 | Lair:5   | 12511 ||| FLEEEEING.
 12513 | Lair:5   | 12513 ||| FLEEEEING.
 12514 | Lair:5   | 12514 ||| FLEEEEING.
 12515 | Lair:5   | 12515 ||| FLEEEEING.
 12516 | Lair:5   | 12516 ||| FLEEEEING.
 12517 | Lair:5   | 12517 ||| FLEEEEING.
 12518 | Lair:5   | 12518 ||| FLEEEEING.
 12519 | Lair:5   | 12519 ||| FLEEEEING.
 12520 | Lair:5   | 12520 ||| FLEEEEING.
 12521 | Lair:5   | 12521 ||| FLEEEEING.
 12522 | Lair:5   | 12522 ||| FLEEEEING.
 12523 | Lair:5   | 12523 ||| FLEEEEING.
 12536 | Lair:5   | Found a staircase to the Slime Pits.
 12628 | Lair:5   | 12628 ||| INVOKING Heroism.
 12631 | Lair:5   | 12631 ||| RETREATING.
 12775 | Lair:5   | Noticed a dire elephant
 12775 | Lair:5   | Noticed a dire elephant
 12776 | Lair:5   | Noticed a dire elephant
 12779 | Lair:5   | Noticed a dire elephant
 12822 | Lair:5   | 12822 ||| INVOKING Heroism.
 12823 | Lair:5   | 12823 ||| INVOKING Finesse.
 12903 | Lair:5   | 12903 ||| Stepping ~*~*~tactically~*~*~ (retreating).
 12904 | Lair:5   | 12904 ||| Stepping ~*~*~tactically~*~*~ (retreating).
 12905 | Lair:5   | 12905 ||| Stepping ~*~*~tactically~*~*~ (retreating).
 12906 | Lair:5   | 12906 ||| Stepping ~*~*~tactically~*~*~ (retreating).
 12907 | Lair:5   | 12907 ||| Stepping ~*~*~tactically~*~*~ (retreating).
 12908 | Lair:5   | 12908 ||| Stepping ~*~*~tactically~*~*~ (retreating).
 12909 | Lair:5   | 12909 ||| INVOKING Heroism.
 12913 | Lair:5   | 12913 ||| Stepping ~*~*~tactically~*~*~ (retreating).
 12922 | Lair:5   | Killed a dire elephant
 12923 | Lair:5   | Reached skill level 18 in Ranged Weapons
 12924 | Lair:5   | HP: 3/90 [dire elephant (25)]
 12924 | Lair:5   | Slain by a dire elephant

Levels and vault maps discovered:
D:1:      spicycebolla_green_bress_n_ham, layout_rooms
D:2:      minmay_skewed_foursquare, layout_basic, basic_altar, serial_forest,
          infiniplex_forest_straight_1, infiniplex_forest_end_3,
          infiniplex_forest_clump_tiny, infiniplex_forest_end_1,
          infiniplex_forest_clump_double, infiniplex_forest_clump_diagonal
D:3:      layout_basic, moated_statue, grunt_decor_fettered
D:4:      layout_loops_ring, lemuel_coloured_pillars_altar, serial_shops, shop,
          nrook_campfire
D:5:      layout_basic, nicolae_elyvilon_peaceful_grove,
          ashenzari_conservatory_becter, minmay_temple_entry_arrows,
          uniq_blork_the_orc
D:6:      layout_basic, grunt_temple_overflow_holy_war,
          nicolae_overflow_hidden_temple, serial_shops, nicolae_shop_dealshenge
D:7:      layout_basic, nicolae_ossuary_entry_monument, serial_shops,
          nicolae_shop_bloodbath_and_beyond, nicolae_shop_self_help
D:8:      layout_gridville, kennysheep_decorative_pillar
D:9:      layout_basic, fedhas_bush_and_centaur_altar
D:10:     layout_rooms, david_lair_shrubbed, orc_0_dummy, nicolae_titane
Temple:   nicolae_temple_figure_eight
Lair:1:   layout_gridlike, basic_altar, kennysheep_abandoned_house
Lair:2:   layout_chaotic_city, nicolae_shoals_entry_roost, uniq_maggie,
          uniq_harold
Lair:3:   layout_cave_pods, alex1729_snake_entry_snake
Lair:4:   layout_hall_layers, uniq_urug, uniq_nessos, uniq_sonja
Lair:5:   due_jungle_book, layout_hall_layers, dpeg_slime_entry_enclosed

Skill      XL: |  1  2  3  4  5  6  7  8  9 10 11 12 13 14 |
---------------+-------------------------------------------+-----
Ranged Weapons | 5 6 7 8 9 11 13 14 15 17 18 | 18.0
Fighting       | 3 4 5 6 8 10 11 | 11.0
Armour         | 1 2 3 4 |  4.4
Dodging        | 2 3 4 5 6 7 8 |  8.0
Invocations    | 4 9 10 | 10.0
Stealth        | |  1.1

Action                     |  1- 3 |  4- 6 |  7- 9 | 10-12 | 13-15 || total
---------------------------+-------+-------+-------+-------+-------++-------
  Melee: Unarmed           |       |       |     3 |       |       ||     3
   Fire: Shortbow          |   102 |    66 |       |       |       ||   168
         Orcbow            |       |    84 |   401 |   633 |    74 ||  1192
         Longbow           |       |       |       |       |   217 ||   217
 Invoke: Heroism           |       |       |       |    22 |    12 ||    34
         Finesse           |       |       |       |     1 |     2 ||     3
    Use: Potion            |     2 |     3 |     3 |     3 |       ||    11
         Scroll            |       |     3 |     6 |     9 |     2 ||    20
   Stab: Confused          |       |       |     1 |       |       ||     1
 Armour: Leather armour    |    18 |    20 |    60 |   128 |    86 ||   312
         Ring mail         |       |    55 |    69 |       |       ||   124
         Skin              |       |       |     3 |       |       ||     3
  Dodge: Dodged            |    23 |    79 |   194 |   201 |   145 ||   642

Table legend:
 A = Non-vault XP
 B = Vault XP
 C = Vault XP percentage of total XP
 D = Non-vault monster count
 E = Vault monster count
 F = Vault count percentage of total count
                 A         B        C        D         E       F
            +---------+---------+-------+---------+---------+-------
      Total |   51023 |   10648 |  17.3 |     339 |      48 |  12.4
            +---------+---------+-------+---------+---------+-------
        D:1 |      36 |       0 |   0.0 |      23 |       0 |   0.0
        D:2 |      53 |      36 |  40.4 |      14 |       8 |  36.4
        D:3 |     293 |       0 |   0.0 |      16 |       0 |   0.0
        D:4 |     340 |       0 |   0.0 |      22 |       0 |   0.0
        D:5 |     703 |     100 |  12.5 |      15 |       1 |   6.2
        D:6 |    1381 |       0 |   0.0 |      23 |       0 |   0.0
        D:7 |    1398 |       0 |   0.0 |      27 |       0 |   0.0
        D:8 |    2301 |       0 |   0.0 |      31 |       0 |   0.0
        D:9 |    1435 |     112 |   7.2 |      13 |       1 |   7.1
       D:10 |    4218 |     343 |   7.5 |      35 |       1 |   2.8
     Lair:1 |    4287 |     900 |  17.4 |      16 |       9 |  36.0
     Lair:2 |    7938 |    1815 |  18.6 |      28 |       3 |   9.7
     Lair:3 |    6987 |     868 |  11.1 |      22 |       3 |  12.0
     Lair:4 |    7198 |    2548 |  26.1 |      26 |       3 |  10.3
     Lair:5 |   12455 |    3846 |  23.6 |      28 |       7 |  20.0
    Ossuary |       0 |      80 | 100.0 |       0 |      12 | 100.0
            +---------+---------+-------+---------+---------+-------
